Map: Tokamak LE

Players

RiderUA - Winner!

  • Race: Zerg Zerg
  • League: Master
  • Spawn Location: 1:00

ManlyManMeat

  • Race: Terran Terran
  • League: Diamond
  • Spawn Location: 7:00

VOD

Have the link to the VOD?

Description

Time

  • Played on: Sept. 19, 2025, 6:36 p.m.
  • Length: 25:20
Show
View Real Time Build Order
Export as new Build Order

RiderUA Zerg - Winner!

Build Orders: 3 Hatch before Pool 

Get SALT Encoding   

  12  0:01  Drone  
  13  0:14  Drone  
  13  0:17  Overlord  
  14  0:38  Drone x2  
  14  0:39  Drone  
  17  0:55  Drone  
  18  0:58  Hatchery  
  17  1:18  Drone, Hatchery  
  17  1:32  Spawning Pool  
  16  1:33  Drone  
  17  1:41  Drone  
  18  2:03  Hatchery  
  18  2:06  Extractor  
  16  2:11  Drone  
  16  2:12  Drone  
  16  2:13  Drone x2  
  20  2:26  Zergling x2  
  21  2:31  Extractor  
  21  2:32  Queen  
  21  2:34  Zergling x2  
  21  3:00  Queen  
  21  3:05  Drone x3  
  23  3:21  Drone  
  24  3:33  Queen  
  26  3:36  Drone  
  26  3:37  Drone x6  
  26  3:38  Drone  
  34  3:50  Lair  
  33  4:20  Zergling x4  
  33  4:22  Overlord x2  
  35  4:25  Drone  
  36  4:32  Metabolic Boost  
  36  4:53  Drone x5  
  36  4:54  Drone x7  
  36  4:55  Drone x2  
  50  5:00  Infestation Pit  
  50  5:04  Drone x3  
  52  5:09  Extractor  
  52  5:13  Overseer  
  51  5:23  Extractor  
  50  5:29  Drone x5  
  50  5:30  Drone, Spine Crawler  
  50  5:31  Overlord  
  50  5:34  Drone  
  56  6:07  Baneling Nest, Hive  
  55  6:15  Evolution Chamber  
  54  6:21  Spine Crawler x2  
  54  6:24  Spine Crawler  
  51  6:30  Drone x3  
  54  6:34  Spine Crawler  
  54  6:36  Zergling x6  
  54  6:38  Overlord  
  54  6:39  Overlord x2  
  56  6:41  Zerg Ground Armor Level 1  
  56  7:03  Baneling x6  
  56  7:06  Centrifugal Hooks  
  56  7:11  Zergling x12  
  56  7:12  Zergling x8  
  66  7:26  Drone x3, Ultralisk Cavern  
  68  7:31  Extractor  
  68  7:36  Baneling x2  
  68  7:37  Baneling x8  
  67  7:38  Baneling x8  
  67  7:47  Evolution Chamber  
  67  7:49  Spore Crawler  
  65  8:07  Adrenal Glands  
  65  8:09  Infestor  
  67  8:14  Overlord x2  
  67  8:15  Overlord x5  
  67  8:21  Extractor  
  67  8:22  Drone x3  
  67  8:24  Drone x3  
  67  8:26  Overlord x2  
  72  8:54  Drone x3  
  75  9:01  Spire, Chitinous Plating  
  74  9:03  Ultralisk  
  74  9:08  Ultralisk  
  86  9:10  Overlord  
  86  9:12  Zergling x6  
  86  9:13  Zergling x8  
  86  9:14  Overlord  
  93  9:25  Drone x2  
  93  9:30  Drone x5  
  100  9:39  Zerg Ground Armor Level 2  
  100  9:41  Zerg Melee Weapons Level 1  
  100  9:47  Hatchery  
  97  10:20  Anabolic Synthesis  
  94  10:30  Corruptor x4  
  94  10:34  Ultralisk x2  
  114  10:38  Drone  
  114  10:39  Drone x6  
  121  10:47  Drone  
  122  10:52  Extractor x2  
  120  11:02  Drone x4  
  124  11:06  Drone x3  
  124  11:10  Hatchery  
  126  11:28  Overseer  
  87  11:56  Ultralisk x6  
  87  11:57  Ultralisk  
  87  11:59  Zergling x4  
  87  12:00  Zergling x2  
  112  12:09  Spore Crawler  
  109  12:19  Spore Crawler  
  108  12:36  Drone x2  
  108  12:37  Drone x7  
  112  12:38  Drone  
  116  13:13  Zergling x14  
  116  13:14  Zergling x14  
  130  13:30  Corruptor  
  130  13:31  Corruptor x2  
  130  13:33  Ultralisk x5  
  166  13:36  Zerg Flyer Weapons Level 1  
  166  13:41  Zerg Melee Weapons Level 2  
  164  13:58  Extractor  
  164  14:00  Drone x7  
  164  14:01  Drone x2, Extractor  
  162  14:43  Corruptor x4  
  170  15:02  Spore Crawler  
  170  15:04  Spore Crawler x2  
  170  15:06  Drone x3  
  170  15:07  Spore Crawler  
  169  15:08  Drone x3  
  169  15:11  Overlord x4  
  169  15:12  Overlord x4  
  172  15:31  Zerg Flyer Armor Level 1  
  172  15:57  Zerg Ground Armor Level 3  
  172  16:21  Spine Crawler  
  172  16:23  Spine Crawler  
  172  16:24  Spine Crawler  
  172  16:25  Drone x2, Spine Crawler  
  170  16:27  Drone x4, Spine Crawler  
  170  16:28  Drone  
  127  17:32  Ultralisk x7  
  127  17:33  Ultralisk x5  
  157  18:41  Zergling x2  
  157  18:42  Zergling x16  
  157  18:43  Zergling x14  
  157  18:44  Zergling x6  
  176  19:01  Drone x2  
  176  19:02  Drone  
  179  19:04  Drone x2  
  135  20:00  Greater Spire  
  135  20:03  Zerg Melee Weapons Level 3  
  135  20:04  Zerg Missile Weapons Level 1  
  129  20:22  Zergling x6  
  129  20:23  Zergling x2  
  129  20:25  Corruptor x3  
  129  20:27  Ultralisk x4  
  163  20:44  Hydralisk Den  
  162  21:00  Hatchery  
  162  21:01  Extractor  
  157  21:11  Hatchery  
  116  21:46  Zergling x10  
  121  21:47  Zergling x6  
  124  22:21  Brood Lord, Extractor  
  125  22:23  Corruptor x2  
  125  22:24  Corruptor x8  
  125  22:25  Corruptor x7  
  125  22:26  Corruptor x3  
  125  22:28  Brood Lord  
  169  22:30  Brood Lord  
  169  22:31  Brood Lord  
  169  22:32  Brood Lord x2  
  169  22:34  Brood Lord, Extractor  
  169  22:36  Ultralisk x2  
  188  22:37  Zergling x10  
  193  23:03  Extractor  
  192  23:08  Overseer  
  192  23:22  Brood Lord x3  
  192  23:23  Brood Lord  
Show
View Real Time Build Order
Export as new Build Order

ManlyManMeat Terran 

Build Orders: Gas First Reaper Expand 

Get SALT Encoding   

  12  0:01  SCV  
  13  0:20  Supply Depot  
  13  0:23  SCV  
  14  0:35  Refinery  
  14  0:36  SCV  
  15  0:46  Barracks  
  15  0:48  SCV  
  16  1:09  SCV  
  17  1:23  Command Center  
  17  1:28  SCV  
  18  1:40  SCV, Reaper  
  20  1:53  Orbital Command  
  20  2:12  Marine  
  21  2:23  SCV  
  21  2:25  Barracks  
  21  2:28  Supply Depot  
  22  2:35  SCV x2  
  24  2:46  Barracks Tech Lab  
  24  2:47  SCV  
  25  3:06  SCV  
  25  3:07  SCV  
  27  3:19  Orbital Command  
  26  3:24  Marine  
  26  3:26  Stimpack  
  27  3:27  Barracks Reactor  
  27  3:30  Factory  
  27  3:33  Barracks  
  27  3:38  SCV  
  28  3:42  Marine  
  29  3:50  SCV  
  30  4:00  Marine  
  30  4:02  Barracks  
  31  4:04  Barracks  
  31  4:08  Command Center  
  31  4:18  SCV x2  
  33  4:24  Barracks Reactor  
  33  4:27  Marine x2  
  33  4:28  Marauder  
  33  4:30  SCV x2, Factory Tech Lab  
  38  4:47  SCV x2, Supply Depot  
  38  4:48  Supply Depot x2  
  40  4:59  SCV x2  
  42  5:11  SCV  
  42  5:14  SCV  
  44  5:15  Marine x6  
  44  5:16  Marine  
  51  5:23  SCV, Refinery x2  
  51  5:25  Refinery  
  51  5:26  SCV  
  53  5:33  Marine x4, Starport  
  57  5:43  Orbital Command  
  57  5:44  Marine x2  
  57  5:45  Marine  
  60  5:51  Barracks  
  60  5:53  Marine x3  
  60  5:54  Marine  
  64  6:01  SCV x2  
  64  6:02  Marine  
  67  6:08  Marine x2  
  69  6:12  Siege Tank  
  69  6:13  SCV x2  
  69  6:14  Concussive Shells  
  69  6:18  Marine x4  
  75  6:20  Marine  
  75  6:25  SCV  
  80  6:26  Supply Depot  
  80  6:27  Supply Depot  
  80  6:31  SCV  
  82  6:36  Orbital Command  
  82  6:37  SCV  
  82  6:40  Starport Reactor  
  82  6:42  Starport  
  82  6:47  Marine  
  82  6:48  Marine x4  
  82  6:50  Siege Tank  
  90  6:55  Marine  
  90  6:56  Combat Shield  
  91  7:02  Supply Depot  
  91  7:03  Supply Depot  
  91  7:07  Engineering Bay  
  91  7:09  Engineering Bay  
  91  7:14  Marine x3  
  91  7:15  Marine x3  
  95  7:22  Siege Tank  
  98  7:27  Medivac x2  
  98  7:28  Starport Reactor  
  102  7:33  Marine x3  
  105  7:38  Terran Infantry Armor Level 1, Terran Infantry Weapons Level 1, Supply Depot  
  105  7:42  Armory  
  105  7:44  Supply Depot  
  105  7:47  SCV  
  105  7:48  SCV x2  
  108  8:00  SCV  
  108  8:03  Command Center  
  109  8:14  Medivac x3  
  109  8:17  Marine x4  
  109  8:18  Marine  
  120  8:21  Supply Depot  
  120  8:23  Supply Depot  
  120  8:28  SCV x2  
  120  8:29  SCV  
  120  8:33  Command Center  
  123  8:40  SCV x2, Refinery  
  123  8:41  SCV, Refinery  
  126  8:43  Sensor Tower  
  126  8:47  Missile Turret x2  
  126  8:48  Missile Turret  
  126  8:50  Missile Turret x2  
  126  8:53  SCV  
  126  8:55  Medivac x3  
  133  9:12  Supply Depot  
  133  9:14  Supply Depot  
  133  9:15  Siege Tank  
  136  9:18  Terran Vehicle Weapons Level 1  
  136  9:22  Engineering Bay  
  136  9:31  Refinery  
  136  9:32  Planetary Fortress  
  136  9:34  SCV x3  
  139  9:42  Supply Depot  
  139  9:44  Refinery  
  139  9:45  Supply Depot  
  139  9:46  SCV x3  
  139  9:48  Siege Tank  
  138  10:08  Terran Infantry Armor Level 2, Terran Infantry Weapons Level 2  
  138  10:09  Fusion Core  
  138  10:12  Planetary Fortress  
  125  10:24  Liberator  
  125  10:26  Liberator  
  131  10:35  Barracks Tech Lab x3  
  131  10:37  Siege Tank  
  131  10:42  SCV x4  
  138  10:50  Command Center  
  138  10:54  SCV x3  
  141  10:58  Command Center  
  141  11:09  Neosteel Armor, Command Center  
  141  11:12  Terran Vehicle And Ship Armor Level 1  
  141  11:14  Marauder  
  141  11:15  Marauder  
  141  11:16  Marauder x2  
  149  11:20  SCV x3  
  149  11:21  SCV, Command Center  
  153  11:28  Command Center  
  152  11:36  Marauder  
  133  12:07  Marine x4, Marauder x3  
  138  12:09  Siege Tank  
  138  12:10  Liberator, Medivac x3  
  147  12:20  Planetary Fortress  
  147  12:25  Marine x4  
  147  12:26  Terran Infantry Armor Level 3, Terran Infantry Weapons Level 3  
  147  12:28  Marauder x3  
  157  12:30  Command Center  
  157  12:39  Liberator  
  157  12:40  SCV  
  157  12:41  SCV x3, Siege Tank  
  157  12:43  Marine  
  168  12:50  Marauder  
  169  12:53  SCV x2  
  167  13:13  Marauder x3  
  155  13:29  Marine  
  156  13:34  Marauder x2  
  156  13:35  Marauder  
  156  13:39  Barracks  
  161  13:50  Liberator x2  
  161  13:51  Liberator x2  
  161  13:54  Hi-Sec Auto Tracking  
  161  13:55  Terran Vehicle Weapons Level 2  
  173  13:56  Marauder x3  
  173  13:59  Fusion Core  
  160  14:15  Marine x4  
  164  14:17  Marine, Marauder x2  
  169  14:28  Barracks  
  166  14:33  Marine x4  
  166  14:35  Marauder  
  166  14:38  Marine, Marauder  
  170  14:45  Viking x2  
  170  14:46  Viking x2  
  170  14:48  Barracks  
  170  14:49  Barracks  
  170  14:50  Barracks x2  
  178  14:56  Marauder  
  178  14:57  Marauder  
  182  15:30  Advanced Ballistics  
  182  15:31  Starport Tech Lab  
  182  15:36  Command Center  
  182  15:41  Marauder  
  182  15:42  Marauder x2  
  188  16:02  SCV x4  
  188  16:03  Marauder x2, SCV, Command Center  
  197  16:04  Command Center  
  197  16:12  Command Center  
  197  16:14  SCV  
  198  16:23  Command Center  
  198  16:39  SCV x2  
  191  17:02  Command Center  
  191  17:03  SCV x5  
  191  17:04  Command Center  
  191  17:05  Command Center  
  149  17:31  Barracks Tech Lab x5  
  149  17:36  Barracks Tech Lab  
  115  17:52  Marine x6  
  115  17:53  Marine  
  115  17:56  Marauder x2  
  115  17:57  Marauder x5  
  129  18:10  Marine  
  129  18:11  Marine, Marauder x3  
  129  18:12  Marine x2  
  130  18:18  Marauder x6  
  130  18:19  Marauder  
  129  18:21  Battlecruiser, Medivac  
  129  18:22  Medivac  
  126  18:42  Planetary Fortress  
  126  18:44  SCV  
  126  18:45  SCV x2  
  129  18:51  Medivac  
  131  18:57  SCV x3  
  134  19:05  Command Center  
  134  19:06  Command Center  
  134  19:08  Marine x4  
  134  19:09  Marauder x3, SCV x3  
  153  19:10  Marauder x3  
  153  19:12  Medivac  
  153  19:14  Siege Tank  
  153  19:16  Marine x4  
  162  19:21  Medivac  
  164  19:25  Battlecruiser  
  164  19:26  Marine x4  
  164  19:31  Marauder  
  146  19:46  Siege Tank  
  128  20:01  Marine, Marauder x6  
  128  20:02  Marine x3  
  100  20:19  Marine x3  
  100  20:20  Marauder  
  89  20:22  Marauder  
  89  20:23  Marauder  
  93  20:29  Raven  
  95  20:36  Command Center  
  95  20:46  Marauder x3  
  95  20:47  Marine x2, Marauder x3  
  98  21:16  Orbital Command  
  71  21:23  Marauder x6  
  74  21:29  Marauder  
  74  21:30  Marauder  
  74  21:48  Marauder x3  
  80  21:55  SCV  
  80  21:56  SCV  
  82  22:04  Marine x2  
  84  22:17  Marine x2, Marauder x3  
  92  22:29  SCV x4  
  96  22:41  SCV  
  97  22:47  Marauder x7  
  97  22:48  Marauder  
  112  23:19  Medivac  
  109  23:20  Medivac  
  109  23:21  Medivac  
  109  23:49  Medivac  
  109  23:54  Marine x3  
  101  24:11  Marine x3  
  93  24:30  Marine  
  93  24:31  Marine x3  
  78  24:33  Orbital Command  
  51  25:02  Marine x3  
Tags
 
Add a new tag
Caveats
  • Supply blocks, unpowered buildings, or Contaminate may cause inaccurate times.
  • Supply counts are checked every 10 seconds.